 Dungeon Crawl Stone Soup version 0.17-a0-1150-g17b0b87 (webtiles) character file.

76 Kisielow the Charmwright (level 4, -11/33 HPs)
             Began as a Merfolk Skald on May 27, 2015.
             Killed by nerve-wracking pain
             ... invoked by Grinder
              (13 damage)
             ... while paralysed by Grinder
             ... on level 3 of the Dungeon.
             The game lasted 00:06:36 (2650 turns).

Kisielow the Charmwright (Merfolk Skald)            Turns: 2650, Time: 00:06:36

Health: -11/33     AC:  5    Str: 12    XL:     4   Next: 32%
Magic:  5/7        EV:  2    Int: 11    God:
Gold:   63         SH:  0    Dex: 14    Spells: 3 memorised, 1 level left

rFire  . . .     SeeInvis .     a - +0 spear
rCold  . . .     Clarity  .     b - +0 leather armour
rNeg   . . .     SustAt   .     (no shield)
rPois  .         Gourm    .     (no helmet)
rElec  .         Spirit   .     (no cloak)
rCorr  .         Warding  .     l - +1 pair of gloves
rMut   .         Stasis   .     (no boots)
MR     .....                    (no amulet)
Stlth  +.........               (no ring)
                                (no ring)

@: paralysed, not resistant to hostile enchantments, very unstealthy
A: change form in water, swift swim
a: no special abilities


You were on level 3 of the Dungeon.
You were not hungry.

You visited 1 branch of the dungeon, and saw 3 of its levels.

You collected 63 gold pieces.

Inventory:

Hand weapons
 a - a +0 spear (weapon)
Armour
 b - a +0 leather armour (worn)
 l - a +1 pair of gloves (worn)
Scrolls
 e - a scroll of fear {unknown}
 f - a scroll of recharging {unknown}
 h - 2 scrolls of magic mapping {unknown}
 j - 3 scrolls of identify {unknown}
 m - a scroll of enchant weapon {unknown}
 q - a scroll of teleportation {unknown}
Books
 c - a book of Battle

   Spells                             Type                      Level
   a - Infusion                       Charms                       1
   b - Shroud of Golubria             Charms/Translocation         2
   c - Song of Slaying                Charms                       2
   d - Spectral Weapon                Hexes/Charms                 3
   e - Regeneration                   Charms/Necromancy            3
Comestibles
 d - 2 bread rations
 i - 2 meat rations
 k - a beef jerky
 o - 13 chunks of flesh
 p - 4 fruits


   Skills:
 - Level 2.1 Fighting
 * Level 4.2 Polearms
 - Level 0.6 Armour
 - Level 1.3 Dodging
 - Level 2.0 Spellcasting
 - Level 5.0 Charms


You had one spell level left.
You knew the following spells:

 Your Spells              Type           Power        Failure   Level  Hunger
e - Regeneration          Chrm/Necr      #.........   38%         3    ####...
q - Infusion              Chrm           ##....       6%          1    ##.....
w - Shroud of Golubria    Chrm/Tloc      #.........   21%         2    ###....


Dungeon Overview and Level Annotations

Branches:
Dungeon (3/15)

Altars:
Ashenzari

Annotations:
D:3 Grinder


Message History

As you read the scroll labeled DAOCHAYG FITHA, it crumbles to dust.
It is a scroll of enchant armour.
Enchant which item? (? for menu, Esc to quit)
Your +0 pair of gloves glows green for a moment.
Grinder hits you.
You writhe in agony.
Read which item? (? for menu, Esc to quit)
As you read the scroll labeled HUESTR YRGHODIE, it crumbles to dust.
You feel blessed for a moment.
It was a scroll of remove curse.
Grinder gestures at you.
You suddenly lose the ability to move!
Grinder gestures.
Grinder blinks!
Grinder hits you. Grinder hits you!
* * * LOW HITPOINT WARNING * * *
You writhe in agony.
* * * LOW HITPOINT WARNING * * *
Grinder gestures at you. Pain shoots through your body!
You die...

#......>....#
#######.###.#
#.# #.# ##
#.# #.# .#
#.# #.# ##
.!# #.# #.#
######.##..#
#.# #.#
...........#
#.# #.# #@#
#.# #.# #5#
#.# #.# #.#
#.# #.# #.##
#.# #.# #..#
....#.# #.#
##.# ....#.#
#.###
#.##....#.#
#....
#..#....#.#
#####
##.#....#.#
#....


You could see Grinder.

Vanquished Creatures
  2 adders (D:3)
  2 giant geckos
  2 orcs (D:3)
  3 bats (D:2)
  9 goblins
  6 hobgoblins
  11 jackals
  2 giant cockroaches (D:1)
  3 giant newts (D:2)
  2 kobolds
  10 rats
52 creatures vanquished.

Notes
Turn   | Place    | Note
--------------------------------------------------------------
     0 | D:1      | Kisielow the Merfolk Skald began the quest for the Orb.
     0 | D:1      | Reached XP level 1. HP: 16/16 MP: 3/3
    60 | D:1      | Reached XP level 2. HP: 11/22 MP: 0/5
   210 | D:1      | Learned a level 2 spell: Shroud of Golubria
   278 | D:1      | Reached skill level 4 in Charms
   939 | D:1      | Reached XP level 3. HP: 19/27 MP: 0/6
  1246 | D:2      | Learned a level 3 spell: Regeneration
  1408 | D:2      | Found a shattered altar of Ashenzari.
  1875 | D:2      | Reached skill level 5 in Charms
  2226 | D:3      | Reached XP level 4. HP: 2/33 MP: 7/7
  2227 | D:3      | HP: 1/33 [poisoned by an adder]
  2636 | D:3      | Noticed Grinder
  2636 | D:3      | Paralysed by Grinder for 7 turns
  2645 | D:3      | Paralysed by Grinder for 6 turns
  2650 | D:3      | Killed from afar by Grinder

Vault maps used:
D:1:      matt_arrival_spirals
D:2:      old_standard_altar
D:3:      old_standard_altar, vehumet_altar_wand_db, first_bread,
          hangedman_glass_teeth, st_stairs_8, fedhas_altar_4, uniq_grinder

Action                   |  1- 3 |  4- 6 || total
-------------------------+-------+-------++-------
Melee: Spear             |   183 |    40 ||   223
 Cast: Infusion          |     3 |       ||     3
       Shroud of Golubri |     7 |     1 ||     8
       Regeneration      |       |     2 ||     2
  Use: Potion            |     1 |     1 ||     2
       Scroll            |       |     2 ||     2
 Stab: Sleeping          |     2 |       ||     2
  Eat: Chunk             |     3 |     4 ||     7
